 Dungeon Crawl Stone Soup version 0.23.0 (webtiles) character file.

Game seed: 14367341822398297761

6570 marthius the Thaumaturge (level 10, -4/50 HPs)
             Began as a Deep Elf Earth Elementalist on Feb 13, 2019.
             Was a Believer of Makhleb.
             Slain by Harold
             ... wielding a +2 halberd of distortion
              (7 damage)
             ... on level 10 of the Dungeon.
             The game lasted 00:52:15 (13634 turns).

marthius the Thaumaturge (DEEE)                    Turns: 13634, Time: 00:52:16

Health: -4/50      AC: 10    Str:  6    XL:     10   Next: 70%
Magic:  16/37      EV: 18    Int: 23    God:    Makhleb [**....]
Gold:   765        SH:  0    Dex: 20    Spells: 22/33 levels left

rFire    . . .     SeeInvis .   h - +4 dagger
rCold    . . .     Gourm    .   (no shield)
rNeg     . . .     Faith    .   H - +0 ring mail
rPois    .         Spirit   .   A - +2 helmet
rElec    .         Reflect  .   (no cloak)
rCorr    .         Harm     .   M - +0 pair of gloves
MR       +....                  (no boots)
Stlth    +++++.....             (no amulet)
HPRegen  0.16/turn              D - ring of magical power
MPRegen  0.25/turn              w - ring of wizardry

@: agile
A: no striking features
a: Minor Destruction, Renounce Religion


You were on level 10 of the Dungeon.
You worshipped Makhleb.
Makhleb was pleased with you.
You were not hungry.

You visited 2 branches of the dungeon, and saw 11 of its levels.

You collected 765 gold pieces.

Inventory:

Hand Weapons
 h - a +4 dagger (weapon)
 G - a +0 blowgun
Missiles
 b - 203 stones (quivered)
 I - 17 poisoned needles
Armour
 c - a +0 robe
 y - a +0 leather armour
 A - a +2 helmet (worn)
 F - a +0 robe
 H - a +0 ring mail (worn)
 M - a +0 pair of gloves (worn)
Jewellery
 f - a +2 ring of evasion
 i - an uncursed ring of protection from magic
 j - an uncursed ring of protection from cold
 n - an uncursed ring of protection from magic
 p - an uncursed ring of protection from fire
 v - a +2 ring of intelligence
 w - a ring of wizardry (right hand)
 D - a ring of magical power (left hand)
 N - an uncursed ring of resist corrosion {unknown}
Wands
 l - a wand of acid (19)
 J - a wand of clouds (5)
 L - a wand of polymorph (8)
 P - a wand of flame (14)
Scrolls
 a - 4 scrolls of remove curse
 e - 3 scrolls of teleportation
 g - a scroll of fog {unknown}
 x - 3 scrolls of amnesia {unknown}
 C - a scroll of blinking {unknown}
 E - a scroll of random uselessness {unknown}
 K - a scroll of enchant armour {unknown}
 O - a scroll of identify
 Q - 2 scrolls of magic mapping {unknown}
Potions
 k - 3 potions of mutation
 m - 3 potions of curing
 o - a potion of might
 q - a potion of berserk rage {unknown}
 r - a potion of cancellation {unknown}
 s - 2 potions of haste
 t - 2 potions of flight
 u - 4 potions of lignification
 z - 2 potions of agility
 B - 2 potions of heal wounds {unknown}
Comestibles
 d - 18 rations


   Skills:
 - Level 0.3 Short Blades
 - Level 3.6 Armour
 + Level 6.8 Dodging
 + Level 10.3 Stealth
 + Level 12.0 Spellcasting
   Level 1.1 Transmutations
 - Level 10.1 Earth Magic


You had 22 spell levels left.
You knew the following spells:

 Your Spells              Type           Power        Failure   Level  Hunger
a - Sandblast             Erth           ######       1%          1    None
b - Stone Arrow           Conj/Erth      #####.       2%          3    None
c - Blink                 Tloc           N/A          11%         2    None
d - Lee's Rapid Deconstr  Erth           ######....   3%          5    ####...

Your spell library contained the following spells:

 Spells                   Type           Power        Failure   Level  Hunger
 Passwall                 Tmut/Erth      #####...     1%          2    None
 Corona                   Hex            ##.....      7%          1    None
 Magic Dart               Conj           ##..         7%          1    None
 Shock                    Conj/Air       ##..         7%          1    None
 Petrify                  Tmut/Erth      #####...     7%          4    None
 Leda's Liquefaction      Hex/Erth       #####.....   9%          4    None
 Call Imp                 Summ           ##......     11%         2    None
 Slow                     Hex            ##......     11%         2    None
 Swiftness                Chrm/Air       ##......     11%         2    None
 Conjure Flame            Conj/Fire      ##......     21%         3    None
 Inner Flame              Hex/Fire       ##......     21%         3    None
 Mephitic Cloud           Conj/Pois/Air  ##......     21%         3    None
 Portal Projectile        Hex/Tloc       ##....       21%         3    None
 Static Discharge         Conj/Air       ##......     21%         3    None
 Airstrike                Air            ##........   52%         4    None
 Cause Fear               Hex            ##........   52%         4    None
 Lightning Bolt           Conj/Air       ##........   86%         5    ####...


Dungeon Overview and Level Annotations

Branches:
Dungeon (10/15)            Temple (1/1) D:7
   Lair: D:8-11         Orc: D:9-12

Altars:
Ashenzari
Cheibriados
Dithmenos
Elyvilon
Fedhas
Gozag
Hepliaklqana
Kikubaaqudgha
Makhleb
Nemelex Xobeh
Okawaru
Qazlal
Ru
Sif Muna
Trog
Uskayaw
Vehumet
Wu Jian
Xom
Yredelemnul
Zin
The Shining One

Shops:
D:5 :

Annotations:
D:10 Harold


Message History

You feel agile all of a sudden. The orc warrior closely misses you.
Harold completely misses you.
Casting: Lee's Rapid Deconstruction (safe; 3% risk of failure)
Confirm with . or Enter, or press ? or * to list all spells.
Aiming: Stone Arrow (safe; 2% risk of failure)
Press: ? - help, Shift-Dir - straight line, f - orc warrior
Aim: an orc warrior, wielding a +0 flail and wearing a +0 plate armour (heavily wounded)
Okay, then.
Casting: Stone Arrow (safe; 2% risk of failure)
Confirm with . or Enter, or press ? or * to list all spells.
Aiming: Sandblast (safe; 1% risk of failure)
Press: ? - help, Shift-Dir - straight line, f - Harold
Aim: Harold, wielding a +2 halberd of distortion and wearing a +0 scale mail (moderately wounded)
The blast of sand hits the orc warrior!
The orc warrior is almost dead.
b - 203 stones The orc warrior hits you with a +0 flail!
* * * LOW HITPOINT WARNING * * *
Harold hits you from afar with a +2 halberd of distortion!
You die...

## .. #. #. .#####. ####
......) #... #..)#########
#..# #.#...@o@...# #..#
#.#.#######.# #..#
#.#.#######.###..#
#####@#.............<##
#.......#######.......#######
#<#. #.###.#........ #.#.
#.##....####### #.#.
#.#..(..#### #.# #..........#


You could see Harold and an orc warrior.

Vanquished Creatures
  A two-headed ogre (D:9)
  Grinder (D:3)
  3 slime creatures
  3 hippogriffs
  Sigmund (D:2)
  A wyvern (D:7)
  A hungry ghost (D:9)
  A black bear (D:8)
  2 orc warriors
  3 phantoms
  A sky beast (D:8)
  An ice beast (D:8)
  A necrophage (D:7)
  5 ogres
  A centaur (D:7)
  2 big kobolds
  2 bullfrogs
  6 scorpions
  A wyvern skeleton (D:8)
  4 wights (D:7)
  5 killer bees (D:8)
  3 howler monkeys
  4 crimson imps
  A bullfrog zombie (D:7)
  A quasit (D:9)
  9 orc priests
  3 jellies (D:9)
  2 bullfrog skeletons
  5 hounds
  6 orc wizards
  2 iguanas (D:9)
  Jessica (D:3)
  Terence (D:3)
  11 worker ants
  A hound skeleton (D:8)
  A howler monkey zombie (D:7)
  11 adders
  A gnoll (D:4)
  5 oozes (D:9)
  2 adder skeletons
  A worm (D:5)
  A dart slug (D:2)
  A leopard gecko (D:3)
  34 orcs
  10 giant cockroaches
  7 goblins
  5 hobgoblins
  12 jackals
  11 kobolds
  5 quokkas
  5 ball pythons
  12 bats
  2 frilled lizards
  A leopard gecko skeleton (D:5)
  A quokka skeleton (D:5)
  9 rats
233 creatures vanquished.

Notes
Turn   | Place    | Note
-------+----------+-------------------------------------------
     0 | D:1      | marthius the Deep Elf Earth Elementalist began the quest
                  | for the Orb.
     0 | D:1      | Reached XP level 1. HP: 10/10 MP: 6/6
   654 | D:1      | Reached XP level 2. HP: 15/15 MP: 2/8
  1660 | D:2      | Reached skill level 4 in Spellcasting
  1688 | D:2      | Noticed Sigmund
  1889 | D:3      | Found an opulent altar of Gozag.
  1912 | D:3      | Reached XP level 3. HP: 18/19 MP: 10/10
  2188 | D:3      | Noticed Jessica
  2214 | D:3      | Killed Jessica
  2425 | D:3      | Reached XP level 4. HP: 9/24 MP: 10/12
  2910 | D:3      | Noticed Terence
  2917 | D:3      | Killed Terence
  2954 | D:3      | Learned a level 3 spell: Stone Arrow
  3375 | D:3      | Reached skill level 5 in Earth Magic
  3597 | D:3      | Reached XP level 5. HP: 28/28 MP: 9/14
  4403 | D:3      | Reached XP level 6. HP: 32/32 MP: 11/15
  4405 | D:3      | Noticed Grinder
  4423 | D:3      | Learned a level 2 spell: Blink
  4658 | D:4      | Reached skill level 5 in Stealth
  5316 | D:4      | Reached skill level 1 in Armour
  5316 | D:4      | Reached XP level 7. HP: 13/36 MP: 3/16
  6366 | D:5      | Entered Level 5 of the Dungeon
  6765 | D:5      | Found Qafaast's Book Boutique.
  6959 | D:5      | Reached XP level 8. HP: 26/41 MP: 11/17
  7539 | D:5      | Noticed a moth of wrath
  7542 | D:5      | Found a bloodstained altar of Trog.
  7550 | D:5      | Reached skill level 5 in Spellcasting
  7918 | D:2      | Killed Sigmund
  8071 | D:2      | Found a sacrificial altar of Ru.
  8189 | D:3      | Killed Grinder
  8189 | D:3      | Reached skill level 6 in Spellcasting
  8430 | D:6      | Learned a level 5 spell: Lee's Rapid Deconstruction
  8544 | D:6      | Reached skill level 7 in Spellcasting
  9382 | D:7      | Reached skill level 8 in Spellcasting
  9382 | D:7      | Reached XP level 9. HP: 42/45 MP: 17/23
  9423 | D:7      | Reached skill level 10 in Earth Magic
  9614 | D:7      | Reached skill level 9 in Spellcasting
 10081 | D:7      | Found a staircase to the Ecumenical Temple.
 10086 | Temple   | Entered the Ecumenical Temple
 10096 | Temple   | Became a worshipper of Makhleb the Destroyer
 10767 | D:7      | Reached skill level 10 in Spellcasting
 11881 | D:8      | Found a sacrificial altar of Ru.
 11881 | D:8      | Found a hide-covered altar of Uskayaw.
 11919 | D:8      | Reached XP level 10. HP: 50/50 MP: 26/26
 11968 | D:8      | Found a sparkling altar of Nemelex Xobeh.
 12031 | D:8      | Reached * piety under Makhleb
 12317 | D:9      | Reached skill level 11 in Spellcasting
 12331 | D:9      | Reached skill level 5 in Dodging
 12491 | D:9      | Noticed a two-headed ogre
 12637 | D:9      | Killed a two-headed ogre
 12832 | D:9      | Reached skill level 10 in Stealth
 13410 | D:9      | Reached skill level 12 in Spellcasting
 13411 | D:9      | Reached ** piety under Makhleb
 13483 | D:9      | Found a hazy altar of Hepliaklqana.
 13569 | D:10     | Entered Level 10 of the Dungeon
 13569 | D:10     | Noticed Harold
 13634 | D:10     | Slain by Harold

Skill      XL: |  1  2  3  4  5  6  7  8  9 10 |
---------------+-------------------------------+-----
Spellcasting   | 4 8 10 12 | 12.0
Earth Magic    | 4 5 6 7 9 10 | 10.1
Stealth        | 3 4 5 8 10 | 10.3
Armour         | 1 3 |  3.6
Dodging        | 4 6 |  6.8
Short Blades   | |  0.3
Transmutations | |  1.1

Action                   |  1- 3 |  4- 6 |  7- 9 | 10-12 || total
-------------------------+-------+-------+-------+-------++-------
Melee: Unarmed           |    16 |       |       |       ||    16
       Dagger            |   116 |    75 |   127 |     6 ||   324
 Cast: Sandblast         |    31 |    43 |    69 |    36 ||   179
       Stone Arrow       |       |    28 |    63 |     6 ||    97
       Blink             |       |     4 |       |       ||     4
       Lee's Rapid Decon |       |       |    15 |    15 ||    30
  Use: Scroll            |       |     4 |    10 |       ||    14
       Potion            |       |       |     1 |     1 ||     2
 Stab: Sleeping          |     4 |     1 |     6 |     4 ||    15
  Eat: Chunk             |     5 |    10 |    14 |     6 ||    35
       Ration            |       |       |     3 |     1 ||     4
Armor: Robe              |    28 |    20 |     1 |       ||    49
       Leather armour    |       |       |    26 |       ||    26
       Ring mail         |       |       |    20 |    15 ||    35
Dodge: Dodged            |   155 |    86 |   141 |    30 ||   412
